 Dungeon Crawl Stone Soup version 0.29.1-1-gd02db6906a (webtiles) character file.

Game seed: 10491383054802049848

2743 virigoth the Cleaver (level 9, -1/75 HPs)
             Began as a Minotaur Berserker on Sept 18, 2022.
             Was an Elder of Trog.
             Slain by an orc warrior
             ... wielding a +4 glaive
              (4 damage)
             ... while paralysed by a hornet
             ... on level 8 of the Dungeon.
             The game lasted 00:32:49 (8799 turns).

virigoth the Cleaver (Minotaur Berserker)           Turns: 8799, Time: 00:32:55

Health: -1/75      AC:  8    Str: 24    XL:     9   Next: 41%
Magic:  8/8        EV:  2    Int:  6    God:    Trog [****..]
Gold:   541        SH:  0    Dex: 16    Spells: 8/8 levels left

rFire   . . .      SeeInvis .   a - +0 war axe
rCold   . . .      Faith    +   (no shield)
rNeg    . . .      Spirit   .   y - +1 steam dragon scales
rPois   .          Reflect  .   (helmet restricted)
rElec   .          Harm     .   O - +0 cloak
rCorr   .          Rampage  .   (no gloves)
Will    +....                   t - +0 pair of boots
Stlth   ++........              l - amulet of faith
HPRegen 0.22/turn               f - +6 ring of dexterity
MPRegen 0.11/turn               o - ring of willpower

@: paralysed, lethally poisoned (-1 -> -14), slowed
A: horns 2, retaliatory headbutt
a: Renounce Religion, Berserk, Trog's Hand, Brothers in Arms


You were on level 8 of the Dungeon.
You worshipped Trog.
Trog was greatly pleased with you.
You visited 2 branches of the dungeon, and saw 9 of its levels.

You collected 541 gold pieces.

Inventory:

Hand Weapons
 a - a +0 war axe (weapon)
 b - a +2 whip of electrocution
 s - a +0 rapier of holy wrath
 x - a +2 flail of holy wrath
 A - a +0 whip of flaming
 N - a +4 quarterstaff of chaos
Missiles
 m - 4 javelins (quivered)
Armour
 t - a +0 pair of boots (worn)
 y - +1 steam dragon scales (worn)
 C - a +2 robe
 E - a +0 plate armour
 O - a +0 cloak (worn)
Jewellery
 f - a +6 ring of dexterity (left hand)
 h - a ring of ice
 l - an amulet of faith (around neck)
 o - a ring of willpower (right hand)
 G - a ring of fire
Wands
 p - a wand of flame (38)
 L - a wand of charming (6)
 M - a wand of polymorph (9)
Scrolls
 c - a scroll of teleportation
 d - a scroll of fear
 e - 7 scrolls of identify
 r - 2 scrolls of butterflies
 F - a scroll of amnesia {unknown}
 J - a scroll of enchant armour
Potions
 g - 3 potions of heal wounds
 i - a potion of might {unknown}
 k - a potion of degeneration {unknown}
 q - 3 potions of curing
 w - a potion of mutation {unknown}
 z - 2 potions of invisibility
 B - 2 potions of flight {unknown}
 D - 2 potions of lignification {unknown}
 H - 2 potions of ambrosia {unknown}
 K - a potion of attraction {unknown}


   Skills:
 + Level 5.9 Fighting
 - Level 0.4(0.5) Short Blades
 - Level 0.4(0.6) Long Blades
 + Level 14.2 Axes
 + Level 0.4 Staves
 + Level 0.4 Ranged Weapons
 - Level 1.7 Throwing
 - Level 2.4 Armour
 - Level 3.1 Dodging
 - Level 0.7 Stealth
 - Level 0.4 Shields
 + Level 0.4 Unarmed Combat
 + Level 0.3 Invocations
 + Level 0.3 Evocations


You had 8 spell levels left.
You didn't know any spells.
Your spell library was empty.

Dungeon Overview and Level Annotations

Branches:
Dungeon (8/15)             Temple (1/1) D:5
   Lair: D:8-11

Altars:
Ashenzari
Cheibriados
Dithmenos
Elyvilon
Fedhas
Hepliaklqana
Kikubaaqudgha
Makhleb
Nemelex Xobeh
Okawaru
Qazlal
Ru
Sif Muna
Trog
Uskayaw
Vehumet
Xom
Yredelemnul
Zin
The Shining One

Shops:
D:8 *


Innate Abilities, Weirdness & Mutations

You have a pair of horns on your head.
You reflexively headbutt those who attack you in melee.


Message History

Press: ? - help, v - describe, . - travel
Here: a sky beast (asleep)
The floor.
The sky beast closely misses you.
The hornet buzzes angrily.
There is an open door here.
You slash the sky beast! Your headbutt misses the sky beast.
The sky beast is heavily wounded.
You slash the hornet!
You hear an angry growl.
You hear an angry hiss.
You hear a shout! x6
The sky beast closely misses you. The hornet closely misses you.
You hear a shout!
You slash the sky beast! You punch the sky beast.
You kill the sky beast!
Trog accepts your kill.
You barely miss the hornet. The hornet closely misses you.
The orc warrior shouts loudly.
The orc warrior hits you from afar with a +4 glaive!
You hit the hornet.
The hornet is heavily wounded.
The hornet stings you but does no damage.
The orc warrior barely misses you.
You hit the hornet.
The hornet is severely wounded.
The hornet stings you!
You suddenly lose the ability to move!
The orc warrior hits you from afar with a +4 glaive!!
The hornet stings you.
You feel yourself slow down.
A kobold brigand comes into view.
It is wielding a +0 short sword and quivering curare-tipped darts.
The hornet barely misses you.
The orc warrior hits you from afar with a +4 glaive!
* * * LOW HITPOINT WARNING * * *
A boulder beetle comes into view.
You feel yourself speed up.
The hornet stings you but does no damage.
The hornet stings you!
* * * LOW HITPOINT WARNING * * *
You are lethally poisoned!
You feel yourself slow down.
The orc warrior hits you from afar with a +4 glaive.
You die...

#.........#...........#
..........#.#.._._..#.#
..........'.....#.....+
..........#.#.._._..#.#
.......#..#...........#
....#####.##.........#
#### #..##..#.#..##
##..##.....##
#..###@### .##..#y.#
##..# #o.# #.K# #..#
#..# #..# #.# #B# +# #+


You could see a boulder beetle (wandering), a hornet, an orc warrior and a
kobold brigand (wandering).

Vanquished Creatures
  Pikel (D:7)
  Eustachio (D:4)
  A steam dragon (D:4)
  A water moccasin (D:8)
  Duvessa (D:4)
  2 orc warriors
  A sky beast (D:8)
  2 black bears
  An ogre (D:5)
  2 lemures (D:7)
  2 bullfrogs
  A scorpion (D:5)
  5 killer bees (D:7)
  Dowan (D:4)
  2 orc priests
  Crazy Yiuf (D:7)
  5 jellies
  2 hounds
  4 iguanas
  5 orc wizards
  Natasha (thrice) (D:3)
  7 gnolls
  5 adders
  A white imp (D:7)
  A worm (D:2)
  2 dart slugs
  24 orcs
  12 endoplasms
  3 giant cockroaches
  7 goblins
  6 hobgoblins
  4 jackals (D:1)
  8 kobolds
  3 quokkas
  6 ball pythons
  8 bats
  5 frilled lizards
  7 rats
153 creatures vanquished.

Vanquished Creatures (others)
  A wizard (D:3)
1 creature vanquished.

Grand Total: 154 creatures vanquished

Notes
Turn   | Place    | Note
-------+----------+-------------------------------------------
     0 | D:1      | virigoth the Minotaur Berserker began the quest for the
                  | Orb.
     0 | D:1      | Reached XP level 1. HP: 19/19 MP: 0/0
   108 | D:1      | Reached skill level 4 in Axes
   200 | D:1      | Reached XP level 2. HP: 23/26 MP: 1/1
   463 | D:1      | Reached skill level 5 in Axes
   495 | D:1      | Reached ** piety under Trog
   496 | D:1      | Reached XP level 3. HP: 26/31 MP: 2/2
  1247 | D:2      | Found a faded altar of an unknown god.
  1980 | D:3      | Noticed Natasha
  1992 | D:3      | Killed Natasha
  1993 | D:3      | Reached skill level 6 in Axes
  1993 | D:3      | Reached XP level 4. HP: 32/39 MP: 3/3
  2125 | D:3      | Noticed Natasha
  2135 | D:3      | Killed Natasha
  2144 | D:3      | Noticed Natasha
  2150 | D:3      | Killed Natasha
  2151 | D:3      | Reached XP level 5. HP: 33/45 MP: 4/4
  2167 | D:3      | Reached skill level 7 in Axes
  2672 | D:3      | Found a bloodstained altar of Trog.
  2674 | D:3      | Noticed a wizard
  2679 | D:3      | Killed a wizard
  2783 | D:4      | Noticed Eustachio
  2797 | D:4      | Killed Eustachio
  2798 | D:4      | Reached skill level 8 in Axes
  2798 | D:4      | Reached XP level 6. HP: 51/51 MP: 5/5
  2967 | D:4      | Reached *** piety under Trog
  2968 | D:4      | Found a sparkling altar of Nemelex Xobeh.
  3274 | D:4      | Noticed Duvessa
  3275 | D:4      | Noticed Dowan
  3289 | D:4      | Killed Duvessa
  3290 | D:4      | Reached skill level 9 in Axes
  3302 | D:4      | Killed Dowan
  3513 | D:4      | Found a broken altar of Ashenzari.
  3551 | D:4      | Reached XP level 7. HP: 55/59 MP: 6/6
  3608 | D:4      | Found an iron altar of Okawaru.
  3634 | D:4      | Noticed a steam dragon
  3643 | D:4      | Killed a steam dragon
  3644 | D:4      | Reached skill level 10 in Axes
  3888 | D:4      | Found a snail-covered altar of Cheibriados.
  4357 | D:4      | Found a sacrificial altar of Ru.
  4357 | D:4      | Found a shadowy altar of Dithmenos.
  4478 | D:5      | Entered Level 5 of the Dungeon
  4600 | D:5      | Reached skill level 1 in Throwing
  4768 | D:5      | Found a staircase to the Ecumenical Temple.
  4786 | Temple   | Entered the Ecumenical Temple
  4958 | D:5      | Reached skill level 5 in Fighting
  4958 | D:5      | Reached XP level 8. HP: 68/68 MP: 7/7
  5083 | D:5      | Found a burning altar of Makhleb.
  5092 | D:5      | Reached skill level 11 in Axes
  6680 | D:6      | Found a glowing silver altar of Zin.
  6725 | D:6      | Found a stormy altar of Qazlal.
  6738 | D:6      | Reached **** piety under Trog
  6958 | D:6      | Reached skill level 12 in Axes
  7368 | D:7      | Noticed Pikel
  7396 | D:7      | Killed Pikel
  7397 | D:7      | Reached skill level 13 in Axes
  7397 | D:7      | Reached XP level 9. HP: 74/74 MP: 8/8
  7816 | D:7      | Found an ancient bone altar of Kikubaaqudgha.
  7817 | D:7      | Found a radiant altar of Vehumet.
  7819 | D:7      | Found a shimmering blue altar of Sif Muna.
  8180 | D:7      | Reached skill level 14 in Axes
  8254 | D:7      | Found a glowing golden altar of the Shining One.
  8562 | D:7      | Found a runed translucent door.
  8563 | D:7      | Noticed Crazy Yiuf
  8572 | D:7      | Killed Crazy Yiuf
  8765 | D:8      | Found Luc Evul's Assorted Antiques.
  8780 | D:8      | Found a sparkling altar of Nemelex Xobeh.
  8780 | D:8      | Found a blossoming altar of Fedhas.
  8781 | D:8      | Found a burning altar of Makhleb.
  8781 | D:8      | Found a blossoming altar of Fedhas.
  8797 | D:8      | Paralysed by a hornet for 3 turns
  8798 | D:8      | Noticed a boulder beetle
  8799 | D:8      | HP: 3/75 [hornet (8)]
  8799 | D:8      | Slain by an orc warrior

Illustrated notes

Levels and vault maps discovered:
D:1:      dpeg_arrival_brainrot, layout_basic
D:2:      layout_basic, hellmonk_ecumenical_altar_lost_god, dk_noncrumbling_2,
          kennysheep_generic_room_7
D:3:      layout_basic, trog_wizard, hex_intersection, uniq_natasha
D:4:      layout_basic, gammafunk_temple_overflow_pools,
          okawaru_metal_pillars_1_2, mainiacjoe_overflow_alcove_2,
          nicolae_ashenzari_skybound, nemelex_dance_club_becter,
          reono_crystal_passage, uniq_eustachio, uniq_duvessa
D:5:      layout_layer_cave, makhleb_heckhound_becter, minmay_temple_entry_trees
D:6:      layout_loops_ring, mainiacjoe_overflow_six_doors_small,
          nicolae_qazlal_scattered_showers
D:7:      layout_cave_pools, grunt_temple_overflow_magic_moments,
          lemuel_round_altar, uniq_pikel, uniq_crazy_yiuf_cottage
D:8:      minmay_the_grid_octo_2x2 [minmay_the_grid_octo_empty,
          minmay_the_grid_octo_horde, minmay_the_grid_octo_shrine,
          minmay_the_grid_octo_prize_star], layout_cave_pods, erik_lair_dragon,
          serial_shops, nicolae_stop_n_shop_2
Temple:   nicolae_temple_superstar

Skill      XL: |  1  2  3  4  5  6  7  8  9 |
---------------+----------------------------+-----
Axes           | 4 5 6 8 9 10 13 14 | 14.2
Fighting       | 4 5 |  5.9
Throwing       | 1 |  1.7
Dodging        | 3 |  3.1
Short Blades   | |  0.4
Long Blades    | |  0.4
Staves         | |  0.4
Ranged Weapons | |  0.4
Armour         | |  2.4
Stealth        | |  0.7
Shields        | |  0.4
Unarmed Combat | |  0.4
Invocations    | |  0.3
Evocations     | |  0.3

Action                   |  1- 3 |  4- 6 |  7- 9 || total
-------------------------+-------+-------+-------++-------
Melee: Hand axe          |    94 |    87 |   245 ||   426
       Headbutt          |    13 |    18 |    42 ||    73
       Punch             |       |     1 |     1 ||     2
       War axe           |       |       |     5 ||     5
Invok: Berserk           |       |     2 |     5 ||     7
       Trog's Hand       |       |       |     1 ||     1
  Use: Scroll            |     3 |       |     8 ||    11
       Potion            |     3 |       |     1 ||     4
 Stab: Sleeping          |       |       |     4 ||     4
Armor: Animal skin       |    13 |       |       ||    13
       Chain mail        |    27 |    34 |     8 ||    69
       Steam dragon scal |       |       |    45 ||    45
Dodge: Dodged            |    48 |    39 |   113 ||   200
